 Dungeon Crawl Stone Soup version 0.27-a0-1036-g8e1b44f6bd (webtiles) character file.

Game seed: 3705262382568474836

14871 porpoise the Covert (level 12, -1/77 HPs)
             Began as an Octopode Venom Mage on Apr 18, 2021.
             Was the Champion of Okawaru.
             Slain by a four-headed hydra (11 damage)
             ... on level 2 of the Lair of Beasts.
             The game lasted 01:41:29 (19761 turns).

porpoise the Covert (Octopode Venom Mage)          Turns: 19761, Time: 01:41:29

Health: -1/77      AC:  8    Str:  7    XL:     12   Next: 21%
Magic:  6/22       EV: 21    Int: 25    God:    Okawaru [******]
Gold:   548        SH:  5    Dex: 25    Spells: 5/25 levels left

rFire    + . .     SeeInvis +   a - +0 rapier
rCold    + . .     Faith    .   (no shield)
rNeg     . . .     Spirit   .   (helmet restricted)
rPois    .         Reflect  +   C - amulet of reflection
rElec    .         Harm     .   f - ring of see invisible
rCorr    .         Rampage  .   g - ring of protection from cold
Will     +....                  v - +6 ring of dexterity
Stlth    +++++++...             O - ring "Qosir" {*Slow rF+ Int+3 Dex+6}
HPRegen  0.22/turn              S - ring of willpower
MPRegen  0.18/turn              (no ring)
                                (no ring)
                                (no ring)

@: ice-armoured, freezing walls
A: almost no armour, amphibious, 8 rings, camouflage 1, gelatinous body 1,
(nimble swimmer 1), tentacles
a: Renounce Religion, Heroism, Finesse


You were on level 2 of the Lair of Beasts.
You worshipped Okawaru.
Okawaru was exalted by your worship.
You visited 3 branches of the dungeon, and saw 14 of its levels.

You collected 548 gold pieces.

Inventory:

Hand Weapons
 a - a +0 rapier (weapon)
 b - a +2 shortbow of flaming
 w - a +2 falchion of holy wrath
 I - a +3 dagger of freezing
Missiles
 d - 185 arrows
 k - 82 sling bullets
 M - 5 boomerangs of dispersal
Jewellery
 f - a ring of see invisible (left tentacle)
 g - a ring of protection from cold (right tentacle)
 v - a +6 ring of dexterity (on tentacle)
 C - an amulet of reflection (around mantle)
 O - the ring "Qosir" (on tentacle) {*Slow rF+ Int+3 Dex+6}
   (You found it on level 9 of the Dungeon)

   [ring of dexterity]

   It affects your intelligence (+3).
   It affects your dexterity (+6).
   It protects you from fire.
   It may slow you when you take damage.
 S - a ring of willpower (on tentacle)
 W - a ring of fire
Wands
 x - a wand of charming (4)
 y - a wand of paralysis (5)
 G - a wand of flame (12)
 J - a wand of polymorph (18)
 T - a wand of iceblast (9)
Scrolls
 l - a scroll of identify
 m - 2 scrolls of fear
 r - a scroll of fog
 s - a scroll of teleportation
 D - 3 scrolls of magic mapping
Potions
 h - a potion of cancellation
 n - a potion of invisibility
 o - 3 potions of flight
 t - a potion of ambrosia
 u - 7 potions of haste
 E - a potion of heal wounds
 H - 2 potions of might
 Q - 2 potions of lignification
 R - 2 potions of curing


   Skills:
 - Level 5.5 Fighting
 - Level 9.0 Dodging
 - Level 12.0 Stealth
 - Level 7.0 Spellcasting
 - Level 3.0 Conjurations
 + Level 1.1 Transmutations
 - Level 5.0 Fire Magic
 - Level 5.0 Ice Magic
 - Level 3.0 Air Magic
 - Level 7.0 Poison Magic
 + Level 6.0 Invocations
 - Level 5.0 Evocations


You had 5 spell levels left.
You knew the following spells:

 Your Spells              Type           Power      Damage    Failure   Level
a - Sting                 Tmut/Pois      100%       1d8       1%          1
i - Ignite Poison         Fire/Tmut/Pois 30%        N/A       3%          3
m - Mephitic Cloud        Conj/Pois/Air  30%        N/A       3%          3
o - Olgreb's Toxic Radia  Pois           43%        N/A       3%          4
r - Frozen Ramparts       Ice            66%        1d8       2%          3
s - Foxfire               Conj/Fire      100%       2x1d9     1%          1
v - Poisonous Vapours     Pois/Air       66%        N/A       1%          2
z - Ozocubu's Armour      Ice            33%        N/A       2%          3

Your spell library contained the following spells:

 Spells                   Type           Power      Damage    Failure   Level
 Freeze                   Ice            100%       1d11      1%          1
 Conjure Flame            Conj/Fire      28%        6-21      3%          3
 Inner Flame              Hex/Fire       21%        N/A       7%          3
 Hailstorm                Conj/Ice       28%        3d8       13%         4
 Sticky Flame             Conj/Fire      28%        2d5       13%         4
 Fireball                 Conj/Fire      14%        3d8       34%         5
 Metabolic Englaciation   Hex/Ice        10%        N/A       54%         5


Dungeon Overview and Level Annotations

Branches:
Dungeon (11/15)            Temple (1/1) D:5            Lair (2/6) D:10
  Swamp: Lair:2-4    Shoals: Lair:2-4     Snake: Lair:2-4    Spider: Lair:2-4
    Orc: D:9-12

Altars:
Gozag
Hepliaklqana
Kikubaaqudgha
Makhleb
Nemelex Xobeh
Okawaru
Qazlal
Ru
Xom
Yredelemnul
The Shining One

Shops:
D:10 [

Annotations:
D:6 exclusion: downstairs
D:7 2 transporters, Dazliare's ghost, novice DsDe; Grum
D:8 1 runed translucent door
D:10 3 runed translucent doors, HendSelp's ghost, journeyman HOFi
D:11 Fire Dragon


Innate Abilities, Weirdness & Mutations

You cannot wear most types of armour.
You are amphibious.
You can wear up to eight rings at the same time.
Your skin changes colour to match your surroundings (Stealth+).
Your rubbery body absorbs attacks. (AC +1, EV +1)
((You are camouflaged near water. (Stealth+)))
You have tentacles for arms and can constrict up to eight enemies at once.


Message History

Confirm with . or Enter, or press ? or * to list all spells.
Casting: Frozen Ramparts (mildly dangerous; 2% risk of failure)
Press: ? - help, Dir - look around, f - activate
Okay, then.
Casting: Frozen Ramparts (mildly dangerous; 2% risk of failure)
Confirm with . or Enter, or press ? or * to list all spells.
Casting: Frozen Ramparts (mildly dangerous; 2% risk of failure)
Press: ? - help, Dir - look around, f - activate The walls around you are covered in ice.
Casting: Frozen Ramparts (mildly dangerous; 2% risk of failure)
Confirm with . or Enter, or press ? or * to list all spells.
A film of ice covers your body!
The wall freezes the four-headed hydra.
You shoot an arrow. The arrow hits the four-headed hydra!
The arrow burns the four-headed hydra.
The four-headed hydra is heavily wounded.
The wall freezes the four-headed hydra.
Your +2 shortbow of flaming stops flaming.
a - a +0 rapier (weapon)
The wall freezes the four-headed hydra.
The four-headed hydra bites you! x2
The four-headed hydra closely misses you.
The four-headed hydra bites you!
You puncture the four-headed hydra!
The four-headed hydra is severely wounded.
The wall freezes the four-headed hydra.
The four-headed hydra seems to slow down.
The four-headed hydra bites you!
You block the four-headed hydra's attack.
The four-headed hydra closely misses you.
The four-headed hydra misses you.
You hit the four-headed hydra.
The four-headed hydra is almost dead.
The wall freezes the four-headed hydra!
The four-headed hydra bites you!
* * * LOW HITPOINT WARNING * * *
The four-headed hydra misses you. The four-headed hydra bites you.
* * * LOW HITPOINT WARNING * * *
The four-headed hydra misses you.
You hit the four-headed hydra.
The four-headed hydra is almost dead.
The wall freezes the four-headed hydra.
The four-headed hydra bites you!
You die...

#### ##.P#### #
####PP.P..######.####
#...........@D(......
#..............†..(..
##......#......#+#....
#.......#........# ..
##..................
##......#........#...
#...<...#............
#...)...#............
##...............#..


You could see a four-headed hydra (slow).

Vanquished Creatures
  3 hydras (Lair:1)
  Nergalle (D:11)
  A cane toad (Lair:1)
  3 cyclopes (D:11)
  Maggie (D:8)
  2 komodo dragons (Lair:1)
  2 kobold demonologists
  A troll (D:10)
  5 blink frogs (Lair:1)
  A vampire (D:11)
  15 yaks
  2 steam dragons
  Duvessa (D:7)
  4 water moccasins
  3 orc warriors
  A sky beast (D:5)
  2 hornet zombies
  3 ice beasts
  2 black bears
  An ogre (D:6)
  4 centaurs
  3 phantoms
  Blork the orc (D:4)
  7 bullfrogs
  A wyvern zombie (D:6)
  A water moccasin zombie (D:7)
  4 scorpions
  A water moccasin skeleton (D:5)
  Dowan (D:7)
  6 wights
  2 vampire bats (D:5)
  3 howler monkeys (D:8)
  A bullfrog zombie (D:6)
  3 hounds
  A bullfrog skeleton (D:4)
  6 centaur zombies
  6 orc priests
  A gnoll shaman (D:4)
  5 iguanas
  3 orc wizards
  A scorpion zombie (D:5)
  A hound skeleton (D:4)
  8 gnolls
  9 adders
  2 howler monkey skeletons (D:6)
  A shadow imp (D:4)
  A white imp (D:8)
  A worm (D:2)
  A dart slug (D:4)
  26 orcs
  6 ball pythons
  3 bat skeletons (D:5)
  4 bat zombies (D:5)
  2 endoplasms
  5 giant cockroaches
  3 goblins (D:1)
  13 hobgoblins
  9 jackals
  3 frilled lizards
  7 kobolds
  6 rats
226 creatures vanquished.

Vanquished Creatures (collateral kills)
  A komodo dragon (Lair:1)
  A rime drake (Lair:1)
  A water moccasin (Lair:1)
3 creatures vanquished.

Vanquished Creatures (others)
  27 foxfires
  3 fungi (D:10)
  10 plants
40 creatures vanquished.

Grand Total: 269 creatures vanquished

Notes
Turn   | Place    | Note
-------+----------+-------------------------------------------
     0 | D:1      | porpoise the Octopode Venom Mage began the quest for the
                  | Orb.
     0 | D:1      | Reached XP level 1. HP: 11/11 MP: 3/3
   141 | D:1      | Reached skill level 3 in Stealth
   313 | D:1      | Reached XP level 2. HP: 12/17 MP: 0/5
   624 | D:1      | Reached skill level 4 in Stealth
   881 | D:1      | Reached XP level 3. HP: 18/21 MP: 6/6
   884 | D:1      | Learned a level 2 spell: Poisonous Vapours
   888 | D:1      | Learned a level 3 spell: Mephitic Cloud
  1694 | D:2      | Found a faded altar of an unknown god.
  1871 | D:2      | Reached skill level 5 in Stealth
  2375 | D:3      | Reached XP level 4. HP: 18/27 MP: 5/7
  3341 | D:4      | Found an iron altar of Okawaru.
  3391 | D:4      | Identified the +1 leather armour "Naxkunif" {+Blink rN+}
  3392 | D:4      | Found a hazy altar of Hepliaklqana.
  3515 | D:4      | Noticed Blork the orc
  3525 | D:4      | Killed Blork the orc
  3526 | D:4      | Reached skill level 6 in Stealth
  3526 | D:4      | Reached XP level 5. HP: 28/31 MP: 1/8
  3608 | D:4      | Reached XP level 6. HP: 34/36 MP: 1/9
  3651 | D:4      | Reached skill level 7 in Stealth
  4319 | D:4      | Reached skill level 5 in Dodging
  4319 | D:4      | Reached skill level 8 in Stealth
  4319 | D:4      | Reached XP level 7. HP: 19/41 MP: 5/10
  4647 | D:4      | You fall into a shaft and drop 2 floors!
  4673 | D:5      | Entered Level 5 of the Dungeon
  4944 | D:4      | Found an opulent altar of Gozag.
  4955 | D:4      | Became a worshipper of Warmaster Okawaru
  5257 | D:5      | Found a glowing golden altar of the Shining One.
  5268 | D:5      | Reached skill level 1 in Fighting
  5431 | D:5      | Reached * piety under Okawaru
  5730 | D:5      | Found a staircase to the Ecumenical Temple.
  5738 | D:5      | Reached skill level 9 in Stealth
  5776 | Temple   | Entered the Ecumenical Temple
  6170 | D:5      | Reached XP level 8. HP: 51/51 MP: 9/13
  6402 | D:5      | Found an ancient bone altar of Kikubaaqudgha.
  6990 | D:6      | Reached skill level 10 in Stealth
  7560 | D:6      | Found a burning altar of Makhleb.
  8071 | D:6      | Noticed a kobold demonologist
  8906 | D:5      | Learned a level 3 spell: Ignite Poison
  8911 | D:5      | Learned a level 4 spell: Olgreb's Toxic Radiance
  8916 | D:6      | Noticed a hellwing
  8926 | D:5      | Reached ** piety under Okawaru
  8927 | D:5      | Reached skill level 11 in Stealth
  8927 | D:5      | Reached XP level 9. HP: 27/59 MP: 11/15
  9201 | D:6      | Killed a kobold demonologist
  9632 | D:6      | Reached skill level 5 in Spellcasting
  9660 | D:6      | Reached skill level 5 in Fighting
  9664 | D:6      | Reached skill level 12 in Stealth
  9664 | D:6      | Reached skill level 1 in Fire Magic
  9755 | D:6      | Found a stormy altar of Qazlal.
  9757 | D:6      | Found a shimmering altar of Xom.
 10257 | D:7      | Noticed Grum
 10300 | D:7      | Identified the +0 scale mail of Infinity {+Blink}
 10307 | D:7      | Noticed Dazliare's ghost (novice DsDe)
 10326 | D:7      | Found a transporter.
 10345 | D:7      | Reached skill level 1 in Invocations
 10803 | D:7      | Reached *** piety under Okawaru
 10880 | D:7      | Noticed Dowan
 10888 | D:7      | Killed Dowan
 10893 | D:7      | Noticed Duvessa
 10909 | D:7      | Killed Duvessa
 11286 | D:7      | Found a transporter.
 11378 | D:7      | Reached skill level 1 in Air Magic
 12044 | D:7      | Learned a level 3 spell: Ozocubu's Armour
 12082 | D:8      | Reached XP level 10. HP: 62/66 MP: 13/17
 12530 | D:7      | Learned a level 1 spell: Foxfire
 12578 | D:7      | Reached skill level 5 in Poison Magic
 12680 | D:8      | Noticed Maggie
 12689 | D:8      | Killed Maggie
 12832 | D:8      | Found a runed translucent door.
 12843 | D:8      | Found a basalt altar of Yredelemnul.
 13228 | D:8      | Reached **** piety under Okawaru
 13229 | D:8      | Reached skill level 5 in Fire Magic
 13356 | D:8      | Reached skill level 1 in Conjurations
 14368 | D:9      | Received a gift from Okawaru
 14457 | D:9      | Reached ***** piety under Okawaru
 14704 | D:9      | Found a sacrificial altar of Ru.
 14800 | D:9      | Identified the ring "Qosir" {*Slow rF+ Int+3 Dex+6}
 15186 | D:9      | Reached XP level 11. HP: 72/72 MP: 18/18
 15295 | D:10     | Entered Level 10 of the Dungeon
 15511 | D:10     | Found a runed translucent gate.
 15511 | D:10     | Found a runed translucent gate.
 15511 | D:10     | Found a runed translucent gate.
 15514 | D:10     | Noticed HendSelp's ghost (journeyman HOFi)
 15535 | D:10     | Found a staircase to the Lair.
 15604 | D:10     | Found a sparkling altar of Nemelex Xobeh.
 15890 | D:10     | Found Xawaom's Antique Armour Shop.
 16464 | D:11     | Noticed a cyclops
 16592 | D:11     | Killed a cyclops
 16671 | D:11     | Reached skill level 1 in Evocations
 16807 | D:11     | Noticed Nergalle
 16814 | D:11     | Killed Nergalle
 16814 | D:11     | Received a gift from Okawaru
 17068 | D:11     | Noticed a cyclops
 17074 | D:11     | Killed a cyclops
 17527 | D:11     | Noticed a cyclops
 17532 | D:11     | Killed a cyclops
 17571 | D:11     | Noticed a frost giant
 17620 | D:11     | Noticed a fire dragon
 17811 | Lair:1   | Entered Level 1 of the Lair of Beasts
 17811 | Lair:1   | Noticed an eight-headed hydra
 17998 | Lair:1   | Killed an eight-headed hydra
 18005 | Lair:1   | Reached skill level 1 in Ice Magic
 18005 | Lair:1   | Reached skill level 5 in Evocations
 18387 | Lair:1   | Learned a level 3 spell: Frozen Ramparts
 18474 | Lair:1   | Noticed a four-headed hydra
 18483 | Lair:1   | Killed a four-headed hydra
 18730 | Lair:1   | Killed a cane toad
 18730 | Lair:1   | Reached ****** piety under Okawaru
 18731 | Lair:1   | Reached XP level 12. HP: 77/77 MP: 18/22
 18866 | Lair:1   | Reached skill level 5 in Invocations
 18956 | Lair:1   | Received a gift from Okawaru
 19153 | Lair:1   | Noticed an eight-headed hydra
 19165 | Lair:1   | Killed an eight-headed hydra
 19166 | Lair:1   | Reached skill level 5 in Ice Magic
 19750 | Lair:2   | Noticed a four-headed hydra
 19761 | Lair:2   | Slain by a four-headed hydra

Illustrated notes

Levels and vault maps discovered:
D:1:      ncdulo_smallfort, layout_basic, serial_bayou_pond_b,
          minmay_tetromino_o4
D:2:      layout_rooms, ebering_ecumenical_altar_abandoned,
          serial_bayou_crossing
D:3:      layout_basic, hangedman_glass_teeth, minivault_4
D:4:      layout_cave_pools, gammafunk_temple_overflow_forgotten,
          chequers_serial_rivers_room_b, nrook_loot_triangle,
          chequers_arboretum, uniq_blork_the_orc
D:5:      layout_basic, kennysheep_vampire_church, tso_metal_star,
          temple_doors_e
D:6:      cheibrodos_barr_body, layout_basic, bloody_makhleb,
          amethyst_overflow_temple_binary
D:7:      layout_rooms, gammafunk_ghost_gnarly_gnolls, uniq_duvessa
D:8:      layout_basic, dk_yredelemnul_ordeal, uniq_maggie
D:9:      layout_loops_cross, kennysheep_mini_moat
D:10:     layout_gridville, general_overflow_altar, lair_entry_dummy,
          serial_shops, nicolae_shop_competitors_out_of_business,
          gammafunk_ghost_nasty_kobolds
D:11:     minmay_mutant_horseshoe, layout_basic, david_orc_4, uniq_nergalle
Temple:   jpeg_temple_clearing
Lair:1:   layout_gridlike, grunt_megastairs_1, serial_bayou_shore_a,
          infiniplex_staircase_pool
Lair:2:   gammafunk_indiana_jones, layout_chaotic_city, wad_woods_road_05,
          uniq_harold

Skill      XL: |  1  2  3  4  5  6  7  8  9 10 11 12 |
---------------+-------------------------------------+-----
Stealth        | 3 4 5 6 8 9 11 12 | 12.0
Dodging        | 3 4 5 7 9 |  9.0
Fighting       | 2 4 5 |  5.5
Spellcasting   | 3 4 5 7 |  7.0
Fire Magic     | 3 5 |  5.0
Invocations    | 3 4 6 |  6.0
Poison Magic   | 4 6 7 |  7.0
Air Magic      | 2 3 |  3.0
Conjurations   | 3 |  3.0
Evocations     | 5 |  5.0
Ice Magic      | 3 5 |  5.0
Transmutations | |  1.1

Action                   |  1- 3 |  4- 6 |  7- 9 | 10-12 || total
-------------------------+-------+-------+-------+-------++-------
Melee: Unarmed           |    10 |       |       |       ||    10
       Constrict         |    18 |    11 |    33 |    19 ||    81
       Tentacles         |     7 |     7 |    42 |    44 ||   100
       Dagger            |    49 |       |       |     3 ||    52
       Rapier            |     2 |    42 |   145 |   160 ||   349
       Falchion          |       |       |    28 |       ||    28
 Fire: Shortbow          |       |       |    50 |    42 ||    92
 Cast: Sting             |    42 |    13 |    35 |     2 ||    92
       Poisonous Vapours |       |    26 |    25 |    17 ||    68
       Mephitic Cloud    |       |     1 |     2 |     6 ||     9
       Ignite Poison     |       |       |     6 |    62 ||    68
       Olgreb's Toxic Ra |       |       |     1 |    27 ||    28
       Foxfire           |       |       |       |    14 ||    14
       Ozocubu's Armour  |       |       |       |     5 ||     5
       Frozen Ramparts   |       |       |       |     2 ||     2
Invok: Heroism           |       |       |     1 |       ||     1
Evoke: Wand              |       |       |     6 |    11 ||    17
  Use: Scroll            |       |     6 |    10 |     9 ||    25
       Potion            |       |     1 |     7 |     1 ||     9
 Stab: Sleeping          |     7 |       |    17 |     4 ||    28
       Confused          |       |     2 |     1 |       ||     3
       Paralysed         |       |       |     1 |     4 ||     5
       Invisible         |       |       |     1 |       ||     1
Armor: Skin              |     4 |     6 |    27 |    12 ||    49
Dodge: Dodged            |    28 |    39 |   270 |   183 ||   520
Block: Other             |       |       |    13 |    51 ||    64
       Rpst.: Falchion   |       |       |     8 |       ||     8

Table legend: (Time is in decaauts)
 A = Elapsed time spent in this place.
 B = Non-inter-level travel time spent in this place.
 C = Inter-level travel time spent in this place.
 D = Time resting spent in this place.
 E = Time spent auto-exploring this place.
 F = Levels seen in this place.
 G = Mean time per level.
                   A        B        C        D        E       F      G
               +--------+--------+--------+--------+--------+-----+--------+
         Total |  19847 |  19252 |    595 |   9879 |   6894 |  14 | 1417.6 |
       Dungeon |  18168 |  17631 |    537 |   9135 |   6269 |  11 | 1651.6 |
        Temple |      1 |      1 |      0 |      0 |      0 |   1 |    1.0 |
          Lair |   1677 |   1620 |     57 |    744 |    625 |   2 |  838.5 |
               +--------+--------+--------+--------+--------+-----+--------+

Top non-repeatable levels by time:
     D:6: 2709 daAuts
     D:5: 2689 daAuts
     D:7: 2150 daAuts
     D:4: 1849 daAuts
  Lair:1: 1646 daAuts
     D:1: 1497 daAuts
    D:11: 1464 daAuts
     D:9: 1391 daAuts
    D:10: 1335 daAuts
     D:8: 1240 daAuts
     D:3: 1153 daAuts
     D:2: 686 daAuts
  Lair:2: 30 daAuts
  Temple: 1 daAuts
